 Dungeon Crawl Stone Soup version 0.24-a0-462-ge24419a6ad (webtiles) character file.

Game seed: 13767063862932911820

7163 Peloso the Blocker (level 10, -3/86 HPs)
             Began as a Minotaur Fighter on July 2, 2019.
             Was a Priest of Okawaru.
             Killed from afar by an orc wizard (8 damage)
             ... with a puff of flame
             ... on level 10 of the Dungeon.
             The game lasted 00:17:51 (7715 turns).

Peloso the Blocker (Minotaur Fighter)               Turns: 7715, Time: 00:17:52

Health: -3/86      AC: 21    Str: 27    XL:     10   Next: 86%
Magic:  9/9        EV: 17    Int:  5    God:    Okawaru [***...]
Gold:   694        SH: 20    Dex: 17    Spells: 9/9 levels left

rFire    . . .     SeeInvis .   a - +0 long sword
rCold    + . .     Gourm    .   c - +0 shield
rNeg     . . .     Faith    .   q - +0 plate armour
rPois    .         Spirit   .   A - +2 hat
rElec    .         Reflect  +   (no cloak)
rCorr    +         Harm     .   s - +0 pair of gloves {archery}
MR       .....                  m - +0 pair of boots
Stlth    ..........             l - +4 amulet of reflection
HPRegen  0.24/turn              L - ring of protection from cold (curse)
MPRegen  0.11/turn              y - ring of resist corrosion

@: mighty, agile, heroism
A: retaliatory headbutt, horns 2
a: Heroism, Renounce Religion


You were on level 10 of the Dungeon.
You worshipped Okawaru.
Okawaru was most pleased with you.
You were not hungry.

You visited 2 branches of the dungeon, and saw 11 of its levels.

You collected 694 gold pieces.

Inventory:

Hand Weapons
 a - a +0 long sword (weapon)
 t - the +6 spear of a wizard's laboratory {drain, rN+ MR+ Dex+3}
   (You found it on level 4 of the Dungeon)

   A truly terrible weapon, it drains the life of those it strikes.
   It affects your dexterity (+3).
   It protects you from negative energy.
   It affects your resistance to hostile enchantments.
Missiles
 C - 29 bolts
Armour
 b - a +0 scale mail
 c - a +0 shield (worn)
 m - a +0 pair of boots (worn)
 q - a +0 plate armour (worn)
 s - a +0 pair of gloves of archery (worn)
 A - a +2 hat (worn)
Jewellery
 l - a +4 amulet of reflection (around neck)
 u - an uncursed ring of ice
 y - a ring of resist corrosion (right hand)
 J - an uncursed ring of protection from fire
 K - an uncursed amulet of harm
 L - a cursed ring of protection from cold (left hand)
Wands
 h - a wand of digging (5)
 w - a wand of flame (18)
 O - a wand of random effects (18)
Scrolls
 e - 6 scrolls of remove curse
 i - 6 scrolls of teleportation
 j - a scroll of amnesia
 k - 2 scrolls of random uselessness {unknown}
 n - 5 scrolls of fear {unknown}
 o - 2 scrolls of noise {unknown}
 x - 2 scrolls of magic mapping {unknown}
 E - a scroll of blinking {unknown}
 F - a scroll of acquirement {unknown}
 N - a scroll of identify
Potions
 g - 4 potions of mutation
 p - 2 potions of curing
 r - a potion of haste
 v - 2 potions of brilliance
 z - 3 potions of ambrosia
 B - 2 potions of agility
 D - a potion of resistance
 G - a potion of heal wounds {unknown}
 H - a potion of cancellation {unknown}
 I - a potion of magic {unknown}
Comestibles
 f - 16 rations
 M - 10 chunks of flesh


   Skills:
 + Level 7.5(12.5) Fighting
 + Level 11.7(16.7) Long Blades
 + Level 8.4(13.4) Armour
 + Level 2.1(7.1) Dodging
 + Level 0.6(5.6) Stealth
 + Level 12.6(17.6) Shields
 + Level 0.4 Invocations


You had 9 spell levels left.
You didn't know any spells.
Your spell library contained the following spells:

 Spells                   Type           Power        Failure   Level  Hunger
 Sandblast                Erth           #.....       98%         1    ##.....
 Passwall                 Tmut/Erth      #.......     99%         2    ###....
 Stone Arrow              Conj/Erth      #.....       100%        3    ####...
 Petrify                  Tmut/Erth      #.......     100%        4    #####..
 Lee's Rapid Deconstruct  Erth           #.........   100%        5    ######.


Dungeon Overview and Level Annotations

Branches:
Dungeon (10/15)            Temple (1/1) D:6
   Lair: D:8-11         Orc: D:9-12

Altars:
Ashenzari
Cheibriados
Dithmenos
Elyvilon
Fedhas
Gozag
Hepliaklqana
Kikubaaqudgha
Makhleb
Nemelex Xobeh
Okawaru
Qazlal
Ru
Sif Muna
Trog
Uskayaw
Vehumet
Wu Jian
Xom
Yredelemnul
Zin
The Shining One

Annotations:
D:8 1 runed translucent door, Shaidar's ghost, novice HOFi
D:9 1 runed translucent door, HAL9000's ghost, novice DrTm


Innate Abilities, Weirdness & Mutations

You reflexively headbutt those who attack you in melee.
You have a pair of horns on your head.


Message History

You feel agile all of a sudden. The troll closely misses you.
You riposte.
You barely miss the troll.
The troll is moderately wounded.
You block the troll's attack. The troll closely misses you.
You block something's attack.
You feel very mighty all of a sudden. The troll barely misses you.
You riposte.
You slash the troll! Your headbutt misses the troll.
The troll is heavily wounded.
You block the troll's attack. The troll misses you.
Something hits you but does no damage.
You slash the troll! You headbutt the troll.
The troll is severely wounded.
The troll bites you but does no damage. The troll claws you!
* * * LOW HITPOINT WARNING * * *
You block the troll's attack.
You hear some strange, mumbled words.
A puff of flame appears from out of thin air!
The puff of flame hits you!
You die...

.....# .....# .....##
....... ..... ...
###T# #{@.# #)### #(#
# ###'#### ##.
#......####### ##..
#......'.....#####...
#..[...#####...'#....
#......# #####.....
#......# #....>


You could see a troll.

Vanquished Creatures
  A two-headed ogre (D:9)
  Pikel (D:8)
  An ugly thing (D:7)
  A troll (D:10)
  Sigmund (D:5)
  2 hippogriffs
  A human (D:7)
  4 hogs (D:7)
  4 wargs (D:8)
  Edmund (D:5)
  An orc warrior (D:9)
  2 necrophages
  3 sky beasts
  A slave (D:8)
  2 ice beasts
  An ogre (D:8)
  A phantom (D:9)
  2 crocodiles (D:9)
  3 centaurs
  A big kobold (D:8)
  7 bullfrogs
  A scorpion (D:5)
  7 killer bees
  5 howler monkeys
  2 crimson imps
  A bullfrog zombie (D:5)
  5 hounds
  3 bullfrog skeletons
  4 orc priests
  2 jellies (D:6)
  5 orc wizards
  3 centaur skeletons
  Jessica (D:3)
  6 worker ants
  A hound skeleton (D:8)
  9 adders
  4 gnolls (D:3)
  3 shadow imps
  2 oozes
  2 adder skeletons
  An adder zombie (D:5)
  A worm (D:3)
  A dart slug (D:3)
  3 leopard geckos
  19 orcs
  A ball python (D:6)
  7 giant cockroaches
  4 goblins
  9 hobgoblins
  6 jackals
  9 quokkas
  5 bats
  4 frilled lizards
  11 kobolds
  2 leopard gecko zombies
  7 rats
197 creatures vanquished.

Vanquished Creatures (others)
  2 slaves (D:8)
  2 centaurs
  A hound (D:8)
  A centaur skeleton (D:8)
  An orc wizard (D:10)
  An adder (D:8)
  7 orcs (D:8)
15 creatures vanquished.

Grand Total: 212 creatures vanquished

Notes
Turn   | Place    | Note
-------+----------+-------------------------------------------
     0 | D:1      | Peloso the Minotaur Fighter began the quest for the Orb.
     0 | D:1      | Reached XP level 1. HP: 19/19 MP: 0/0
   171 | D:1      | Reached XP level 2. HP: 27/27 MP: 1/1
   414 | D:1      | Reached skill level 4 in Shields
   563 | D:2      | Reached XP level 3. HP: 33/33 MP: 2/2
   582 | D:2      | Found a faded altar of an unknown god.
   646 | D:2      | Reached XP level 4. HP: 26/40 MP: 3/3
   920 | D:3      | Noticed Jessica
   921 | D:3      | Reached skill level 1 in Dodging
   939 | D:3      | Killed Jessica
   991 | D:3      | HP: 2/40 [orc priest/+0 whip (4)]
   992 | D:3      | Reached XP level 5. HP: 3/46 MP: 4/4
  1570 | D:3      | Reached skill level 5 in Shields
  2180 | D:4      | Reached XP level 6. HP: 53/53 MP: 5/5
  2266 | D:4      | Got a translucent spear
  2267 | D:4      | Identified the +6 spear of a wizard's laboratory {drain,
                  | rN+ MR+ Dex+3} (You found it on level 4 of the Dungeon)
  2380 | D:4      | Reached skill level 5 in Armour
  2783 | D:5      | Entered Level 5 of the Dungeon
  2821 | D:5      | Reached skill level 5 in Long Blades
  2829 | D:5      | Reached skill level 6 in Shields
  2829 | D:5      | Reached XP level 7. HP: 58/60 MP: 6/6
  3015 | D:5      | Noticed Edmund
  3028 | D:5      | Killed Edmund
  3028 | D:5      | Reached skill level 7 in Shields
  3030 | D:5      | Reached skill level 5 in Fighting
  3334 | D:5      | Reached XP level 8. HP: 58/68 MP: 7/7
  3542 | D:5      | Noticed Sigmund
  3556 | D:5      | Killed Sigmund
  3858 | D:6      | Noticed a hippogriff
  3861 | D:6      | Reached skill level 8 in Shields
  3867 | D:6      | Killed a hippogriff
  3964 | D:6      | Found a shattered altar of Ashenzari.
  4077 | D:6      | Reached skill level 9 in Shields
  4077 | D:6      | Reached XP level 9. HP: 74/75 MP: 8/8
  4166 | D:6      | Found a staircase to the Ecumenical Temple.
  4175 | Temple   | Entered the Ecumenical Temple
  4273 | Temple   | Became a worshipper of Warmaster Okawaru
  5234 | D:7      | Reached skill level 10 in Shields
  5276 | D:7      | Reached * piety under Okawaru
  5291 | D:7      | Reached skill level 10 in Long Blades
  5410 | D:7      | Noticed a red ugly thing
  5426 | D:7      | Killed a red ugly thing
  5426 | D:7      | Reached skill level 11 in Shields
  5783 | D:8      | Reached ** piety under Okawaru
  5783 | D:8      | Reached XP level 10. HP: 84/84 MP: 9/9
  5786 | D:8      | Found a runed translucent door.
  5786 | D:8      | Found a shimmering altar of Xom.
  5786 | D:8      | Noticed Shaidar's ghost (novice HOFi)
  5787 | D:8      | Noticed a +1 long sword of chaos
  5790 | D:8      | Noticed Pikel
  5814 | D:8      | Killed Pikel
  6008 | D:8      | Found a glowing golden altar of the Shining One.
  6345 | D:8      | Got a dazzling scale mail
  6356 | D:8      | Identified the cursed +1 scale mail of the True Pharaoh
                  | {MR++ Dex+4 Stlth+} (You found it on level 8 of the
                  | Dungeon)
  6538 | D:8      | Noticed an orc sorcerer
  6538 | D:8      | Noticed an orc knight
  6538 | D:8      | Noticed an orc knight
  6538 | D:8      | Noticed an orc knight
  7263 | D:9      | Reached *** piety under Okawaru
  7332 | D:9      | Found a runed translucent door.
  7338 | D:9      | Noticed HAL9000's ghost (novice DrTm)
  7415 | D:9      | Noticed a two-headed ogre
  7427 | D:9      | Killed a two-headed ogre
  7427 | D:9      | Reached skill level 12 in Shields
  7559 | D:10     | Entered Level 10 of the Dungeon
  7715 | D:10     | Killed from afar by an orc wizard

Levels and vault maps discovered:
D:1:      dpeg_arrival_tiny_j, layout_rooms, minmay_misc_feat_doors
D:2:      layout_basic, chequers_ecumenical_altar_simple
D:3:      layout_basic, first_ration, uniq_jessica
D:4:      layout_basic
D:5:      layout_gridville, uniq_edmund, uniq_sigmund
D:6:      kennysheep_big_flooded_room, layout_basic,
          minmay_temple_entry_antechambers, nicolae_ashenzari_panopticon
D:7:      layout_gridville, grunt_livestock, wad_floor_pattern_2
D:8:      lemuel_castle_with_subvaults [lemuel_castle_interior_original],
          layout_basic, marbit_many_paths, ebering_ghost_xom,
          minmay_starry_boxes, uniq_pikel
D:9:      layout_roguey, ebering_ghost_reflecting_pool
D:10:     layout_roguey, trove_entry_hex_spiral, uniq_nergalle, uniq_urug
Temple:   kilobyte_greek_temple

Skill      XL: |  1  2  3  4  5  6  7  8  9 10 |
---------------+-------------------------------+-----
Armour         | 4 5 6 7 8 |  8.4
Fighting       | 4 5 6 7 |  7.5
Shields        | 4 5 6 7 9 11 12 | 12.6
Long Blades    | 3 4 5 6 9 10 11 | 11.7
Dodging        | 1 2 |  2.1
Stealth        | |  0.6
Invocations    | |  0.4

Action                   |  1- 3 |  4- 6 |  7- 9 | 10-12 || total
-------------------------+-------+-------+-------+-------++-------
Melee: Long sword        |    84 |   199 |   283 |   290 ||   856
       Headbutt          |     8 |    32 |    66 |    61 ||   167
Invok: Heroism           |       |       |     1 |     4 ||     5
  Use: Potion            |       |       |     1 |     4 ||     5
       Scroll            |       |       |     8 |     3 ||    11
 Stab: Distracted        |       |       |       |     1 ||     1
  Eat: Chunk             |       |     6 |     7 |     3 ||    16
       Ration            |       |       |     1 |     1 ||     2
Armor: Scale mail        |    38 |    24 |       |       ||    62
       Plate armour      |       |    53 |   122 |   127 ||   302
Dodge: Dodged            |    26 |    34 |    39 |    67 ||   166
Block: Shield            |    69 |   145 |   193 |   238 ||   645
       Reflection        |     3 |     2 |    11 |     7 ||    23
       Rpst.: Long sword |     9 |    13 |    10 |    18 ||    50

Table legend:
 A = Non-vault XP
 B = Vault XP
 C = Vault XP percentage of total XP
 D = Non-vault monster count
 E = Vault monster count
 F = Vault count percentage of total count
                 A         B        C        D         E       F
            +---------+---------+-------+---------+---------+-------
      Total |    7101 |    3132 |  30.6 |     180 |      20 |  10.0
            +---------+---------+-------+---------+---------+-------
        D:1 |      32 |       0 |   0.0 |      19 |       0 |   0.0
        D:2 |      80 |       0 |   0.0 |      17 |       0 |   0.0
        D:3 |     229 |      37 |  13.9 |      34 |       1 |   2.9
        D:4 |     108 |       0 |   0.0 |      11 |       0 |   0.0
        D:5 |     967 |     408 |  29.7 |      18 |       2 |  10.0
        D:6 |     867 |     268 |  23.6 |      24 |       2 |   7.7
        D:7 |    1267 |    1000 |  44.1 |      16 |       5 |  23.8
        D:8 |     531 |    1419 |  72.8 |      12 |      10 |  45.5
        D:9 |    2478 |       0 |   0.0 |      25 |       0 |   0.0
       D:10 |     542 |       0 |   0.0 |       4 |       0 |   0.0
            +---------+---------+-------+---------+---------+-------
